Map: Kulas Ravine

Players

TimeTwist - Winner!

  • Race: Protoss Protoss
  • Spawn Location: 7:00

Scaramanga - Winner!

  • Race: Terran Terran
  • Spawn Location: 5:00

dallaskuken

  • Race: Protoss Protoss
  • League: Silver
  • Spawn Location: 1:00

Loken

  • Race: Zerg Zerg
  • Spawn Location: 11:00

VOD

Have the link to the VOD?

Description

Time

  • Played on: March 8, 2017, 5:44 p.m.
  • Length: 16:07
Show
View Real Time Build Order
Export as new Build Order

TimeTwist Protoss - Winner!

Build Orders:  

Get SALT Encoding   

  12  0:01  Probe (Chrono Boost)  
  13  0:19  Pylon  
  14  0:21  Probe (Chrono Boost)  
  14  0:37  Gateway  
  14  0:40  Probe (Chrono Boost)  
  15  0:51  Probe (Chrono Boost)  
  16  1:00  Assimilator  
  16  1:01  Probe (Chrono Boost)  
  16  1:03  Pylon  
  17  1:12  Probe (Chrono Boost)  
  18  1:23  Probe (Chrono Boost)  
  19  1:26  Cybernetics Core  
  19  1:33  Probe (Chrono Boost)  
  20  1:40  Zealot  
  20  1:45  Probe (Chrono Boost)  
  23  1:51  Warp Gate  
  23  1:57  Probe (Chrono Boost)  
  24  2:04  Assimilator  
  25  2:09  Probe (Chrono Boost)  
  25  2:12  Zealot  
  27  2:21  Probe (Chrono Boost)  
  27  2:33  Robotics Facility, Probe (Chrono Boost)  
  27  2:34  Pylon  
  29  2:45  Probe (Chrono Boost)  
  29  2:49  Adept  
  31  2:57  Probe (Chrono Boost)  
  32  3:02  Gateway  
  32  3:03  Gateway  
  32  3:06  Pylon  
  32  3:10  Probe (Chrono Boost)  
  33  3:18  Sentry  
  35  3:20  Observer  
  35  3:26  Probe (Chrono Boost)  
  37  3:38  Observer  
  36  3:56  Immortal  
  36  4:01  Probe (Chrono Boost)  
  41  4:13  Zealot x2  
  41  4:14  Zealot  
  47  4:18  Nexus  
  47  4:23  Pylon  
  47  4:36  Immortal  
  47  4:43  Probe (Chrono Boost)  
  52  4:48  Stalker  
  54  4:52  Pylon  
  54  4:55  Twilight Council  
  54  5:12  Immortal  
  56  5:14  Mothership Core (Chrono Boost)  
  60  5:23  Stalker  
  62  5:34  Pylon, Probe (Chrono Boost)  
  63  5:36  Pylon  
  63  6:05  Pylon  
  63  6:07  Stalker  
  63  6:08  Stalker, Pylon  
  63  6:10  Stalker  
  68  6:17  Probe (Chrono Boost)  
  69  6:21  Probe (Chrono Boost)  
  70  6:27  Probe (Chrono Boost)  
  70  6:32  Stalker x2  
  75  6:47  Stalker  
  77  6:58  Charge  
  75  7:06  Stalker  
  75  7:07  Stalker  
  75  7:10  Pylon  
  75  7:28  Immortal  
  75  7:29  Probe (Chrono Boost)  
  81  7:30  Probe (Chrono Boost)  
  81  7:36  Assimilator  
  81  7:38  Assimilator  
  81  7:40  Pylon, Probe (Chrono Boost)  
  81  7:42  Probe (Chrono Boost)  
  83  7:55  Probe (Chrono Boost)  
  84  7:59  Probe (Chrono Boost)  
  86  8:06  Robotics Bay  
  86  8:07  Probe (Chrono Boost)  
  86  8:08  Pylon  
  86  8:10  Probe (Chrono Boost)  
  87  8:19  Probe (Chrono Boost)  
  88  8:20  Probe (Chrono Boost)  
  89  8:30  Zealot  
  89  8:31  Zealot x2  
  97  8:34  Probe (Chrono Boost)  
  97  8:35  Probe (Chrono Boost)  
  97  8:36  Pylon  
  97  8:37  Immortal  
  101  8:42  Gateway  
  101  8:45  Gateway  
  101  8:47  Probe (Chrono Boost)  
  102  8:50  Probe (Chrono Boost)  
  103  9:01  Probe (Chrono Boost)  
  104  9:14  Gateway, Colossus  
  104  9:15  Extended Thermal Lance  
  104  9:18  Probe (Chrono Boost)  
  104  9:19  Probe (Chrono Boost)  
  112  9:26  Pylon  
  112  9:27  Pylon  
  112  9:29  Probe (Chrono Boost)  
  114  9:32  Probe (Chrono Boost)  
  114  9:42  Zealot x2  
  114  9:43  Zealot, Pylon  
  120  9:46  Pylon  
  120  9:56  Probe (Chrono Boost)  
  121  10:01  Colossus  
  121  10:02  Forge  
  121  10:04  Forge  
  127  10:15  Zealot x3  
  127  10:17  Sentry  
  135  10:34  Protoss Ground Weapons Level 1, Protoss Ground Armor Level 1  
  135  10:42  Nexus  
  135  10:46  Pylon  
  135  10:57  Sentry x2  
  135  10:58  Sentry  
  135  10:59  Zealot x2  
  145  11:05  Colossus  
  151  11:15  Pylon  
  151  11:21  Stalker, Pylon  
  151  11:22  Stalker  
  155  11:27  Stalker  
  153  11:33  Stalker  
  153  11:35  Sentry  
  157  11:45  Blink  
  133  12:01  Zealot x3  
  133  12:02  Zealot x2  
  144  12:08  Probe (Chrono Boost)  
  144  12:10  Assimilator  
  144  12:14  Assimilator  
  144  12:19  Probe (Chrono Boost)  
  145  12:35  Zealot x5  
  155  12:37  Protoss Ground Weapons Level 2  
  155  12:42  Protoss Ground Armor Level 2  
  100  12:59  Zealot x3  
  100  13:15  Zealot x2  
  104  13:35  Stalker x4  
  112  13:52  Zealot  
  106  14:10  Observer  
  106  14:16  Probe (Chrono Boost)  
  110  14:18  Probe x2 (Chrono Boost)  
  110  14:30  Probe (Chrono Boost)  
  111  14:42  Pylon  
  111  14:44  Zealot x2  
  111  14:45  Zealot x3  
  121  14:48  Nexus  
  121  15:09  Stalker x2  
  121  15:10  Stalker x2  
  121  15:11  Stalker  
  137  15:49  Stalker x3  
  143  15:52  Assimilator  
Show
View Real Time Build Order
Export as new Build Order

Scaramanga Terran - Winner!

Build Orders: MMM Bio 

Get SALT Encoding   

  12  0:01  SCV  
  13  0:13  SCV  
  14  0:18  Supply Depot  
  14  0:25  SCV  
  15  0:40  SCV  
  15  0:41  Barracks  
  16  0:52  SCV  
  18  1:04  SCV  
  18  1:16  SCV  
  19  1:23  Command Center  
  19  1:29  Orbital Command  
  19  1:33  Marine  
  20  1:45  Barracks  
  20  1:54  Barracks  
  20  1:55  Marine  
  20  1:59  SCV  
  22  2:08  Refinery  
  22  2:11  SCV  
  23  2:16  Refinery  
  23  2:34  Marine  
  24  2:42  Marine, Barracks Tech Lab  
  25  2:47  SCV  
  26  2:52  Marine  
  27  2:59  SCV  
  27  3:00  Concussive Shells, Marine  
  27  3:02  Marauder  
  31  3:10  Marine  
  31  3:11  SCV  
  31  3:12  SCV  
  34  3:18  Marine  
  35  3:23  SCV, Marine  
  35  3:24  Bunker, SCV  
  38  3:35  Supply Depot x2  
  38  3:37  Supply Depot  
  38  3:43  Combat Shields  
  38  3:45  Orbital Command  
  38  3:56  Marauder, SCV  
  41  4:08  SCV, Marine, Engineering Bay  
  41  4:09  Factory, Marine  
  44  4:12  SCV  
  45  4:18  Refinery  
  45  4:20  SCV  
  45  4:22  Marine  
  47  4:25  SCV  
  48  4:33  SCV  
  48  4:36  Refinery  
  48  4:37  SCV  
  50  4:51  Marauder, Marine x2  
  54  4:55  Factory Reactor  
  54  5:01  Starport  
  54  5:02  Stimpack  
  54  5:04  SCV x2  
  56  5:09  Terran Infantry Weapons Level 1  
  56  5:12  Marauder  
  58  5:16  Barracks Reactor, SCV x2  
  58  5:19  Barracks Reactor  
  60  5:26  Barracks  
  60  5:28  SCV x2  
  62  5:30  Barracks  
  62  5:49  Supply Depot  
  62  5:52  Supply Depot  
  62  6:02  Command Center  
  62  6:10  SCV x2, Marine x2, Medivac x2  
  70  6:11  Supply Depot  
  70  6:14  Marauder  
  72  6:22  SCV x2  
  74  6:27  Marine x3  
  74  6:28  Marine  
  78  6:34  SCV  
  78  6:35  Marauder  
  81  6:40  Medivac x2  
  73  6:50  Marine  
  73  6:51  Marine x2  
  63  6:55  Orbital Command  
  59  7:20  Orbital Command  
  59  7:21  SCV x2  
  61  7:27  Marine  
  61  7:28  Marauder, Marine x5  
  61  7:29  Medivac  
  71  7:32  Medivac  
  71  7:33  SCV x2  
  75  7:44  Orbital Command  
  75  7:45  Marine x2  
  75  7:46  Marine x3  
  75  7:49  Marauder  
  82  7:57  SCV x2  
  84  8:04  Marine x4  
  88  8:08  Barracks Reactor  
  88  8:09  SCV x2  
  88  8:10  Marauder  
  88  8:11  Terran Infantry Armor Level 1  
  92  8:19  Armory  
  92  8:21  SCV  
  92  8:25  Armory  
  93  8:30  Engineering Bay  
  93  8:32  Marauder  
  93  8:33  SCV  
  96  8:44  SCV x2  
  96  8:45  SCV  
  99  8:50  Barracks Reactor  
  99  8:53  Factory Tech Lab  
  99  8:56  SCV x2  
  99  9:02  Factory  
  101  9:05  Supply Depot  
  101  9:08  Factory, Supply Depot  
  101  9:10  Supply Depot  
  101  9:16  Refinery  
  101  9:17  Refinery  
  101  9:27  SCV x3, Marine x5  
  101  9:30  Marauder, Marine x2  
  113  9:33  Terran Infantry Weapons Level 2  
  113  9:39  SCV x3  
  116  9:51  SCV x3  
  119  9:57  Marauder, Marine x3  
  124  10:03  SCV  
  124  10:05  Factory Tech Lab  
  124  10:06  Factory Tech Lab  
  125  10:24  Supply Depot x2  
  125  10:26  Marauder, SCV  
  125  10:28  Terran Infantry Armor Level 2  
  128  10:30  Terran Vehicle Weapons Level 1  
  128  10:32  Terran Vehicle And Ship Armor Level 1  
  128  10:46  Supply Depot  
  128  10:47  Marauder, Thor x2, Supply Depot  
  142  10:54  Supply Depot  
  142  10:58  Supply Depot  
  142  11:03  Viking x2  
  146  11:14  Siege Tank  
  149  11:27  Starport  
  149  11:30  Siege Tank  
  140  12:02  Viking x2  
  140  12:05  Starport Reactor  
  140  12:07  Marauder  
  140  12:08  Marine x3  
  146  12:09  Marine x2  
  146  12:15  Command Center  
  151  12:25  Siege Tank  
  151  12:26  Siege Tank  
  157  12:34  Terran Infantry Weapons Level 3  
  157  12:35  Terran Vehicle Weapons Level 2  
  157  12:36  Terran Vehicle And Ship Armor Level 2  
  157  12:40  Viking x2  
  161  12:55  Viking x2  
  161  12:58  Siege Tank x2  
  168  13:10  Viking x2  
  172  13:37  Marine x3  
  172  13:38  Marine x4  
  172  13:39  Marauder, Marine  
  182  13:55  Marine x2  
  184  14:00  Marauder  
  185  14:03  Marine  
  185  14:05  Orbital Command  
  184  14:22  Marauder  
  186  15:01  Siege Tank x3  
  186  15:02  Marauder, Marine x3  
  200  15:24  Marauder  
  185  15:33  Siege Tank  
Show
View Real Time Build Order
Export as new Build Order

dallaskuken Protoss 

Build Orders:  

Get SALT Encoding   

  12  0:02  Probe (Chrono Boost)  
  13  0:12  Probe (Chrono Boost)  
  14  0:25  Pylon  
  14  0:30  Probe (Chrono Boost)  
  15  0:43  Probe (Chrono Boost)  
  15  0:44  Gateway  
  16  0:53  Probe (Chrono Boost)  
  16  0:54  Assimilator  
  18  1:04  Probe (Chrono Boost)  
  18  1:14  Probe (Chrono Boost)  
  19  1:25  Probe (Chrono Boost)  
  20  1:32  Cybernetics Core  
  20  1:33  Pylon  
  20  1:35  Probe (Chrono Boost)  
  21  1:46  Probe (Chrono Boost)  
  22  1:49  Gateway  
  22  1:57  Probe (Chrono Boost)  
  22  1:58  Assimilator  
  23  2:05  Zealot  
  23  2:07  Probe (Chrono Boost)  
  26  2:11  Warp Gate  
  26  2:18  Probe (Chrono Boost)  
  27  2:32  Zealot  
  27  2:36  Stalker  
  31  2:49  Pylon  
  31  2:54  Probe (Chrono Boost)  
  31  3:07  Zealot  
  31  3:09  Mothership Core (Chrono Boost)  
  31  3:10  Nexus  
  35  3:16  Stalker  
  37  3:33  Pylon  
  37  3:34  Stalker  
  39  3:41  Forge  
  39  3:56  Probe (Chrono Boost)  
  39  4:01  Stalker  
  42  4:07  Probe (Chrono Boost)  
  43  4:18  Probe (Chrono Boost)  
  43  4:21  Robotics Facility  
  43  4:24  Probe (Chrono Boost)  
  45  4:27  Assimilator  
  45  4:34  Probe (Chrono Boost)  
  46  4:42  Protoss Ground Weapons Level 1  
  46  4:44  Stalker x2  
  46  4:45  Probe (Chrono Boost)  
  51  4:54  Probe (Chrono Boost)  
  52  5:02  Assimilator, Probe (Chrono Boost)  
  52  5:05  Probe (Chrono Boost)  
  54  5:09  Pylon  
  54  5:11  Observer  
  55  5:15  Probe (Chrono Boost)  
  55  5:18  Sentry x2  
  60  5:26  Probe (Chrono Boost)  
  61  5:52  Stalker x2  
  65  6:27  Robotics Bay  
  65  6:30  Stalker x2, Pylon  
  69  6:33  Pylon  
  49  7:18  Sentry x2  
  49  7:20  Disruptor  
  49  7:21  Extended Thermal Lance  
  53  7:37  Gateway  
  53  7:38  Gateway  
  53  7:41  Pylon  
  53  7:43  Pylon  
  53  7:57  Robotics Facility  
  53  8:00  Colossus  
  53  8:03  Protoss Ground Armor Level 1  
  59  8:11  Twilight Council  
  59  8:21  Stalker x2  
  63  8:32  Probe (Chrono Boost)  
  64  8:45  Probe (Chrono Boost)  
  64  8:46  Photon Cannon x2  
  65  8:49  Zealot x2  
  65  8:52  Photon Cannon  
  70  8:55  Photon Cannon  
  70  8:57  Probe (Chrono Boost)  
  70  9:01  Colossus  
  70  9:04  Colossus  
  82  9:26  Nexus  
  82  9:48  Colossus  
  82  9:49  Protoss Ground Weapons Level 2  
  88  10:01  Assimilator  
  88  10:05  Assimilator  
  88  10:08  Zealot  
  88  10:09  Zealot  
  92  10:30  Probe (Chrono Boost)  
  93  10:38  Colossus  
  93  10:41  Stalker x2  
  98  10:43  Probe (Chrono Boost)  
  98  10:45  Colossus  
  110  11:01  Pylon  
  110  11:03  Pylon  
  110  11:24  Colossus  
  110  11:26  Stalker x2  
  120  11:38  Gateway  
  120  11:39  Gateway  
  115  11:42  Gateway  
  107  12:03  Probe (Chrono Boost)  
  108  12:13  Probe (Chrono Boost)  
  109  12:16  Colossus  
  109  12:23  Colossus  
  109  12:24  Probe (Chrono Boost)  
  122  12:34  Stalker x2  
  103  13:02  Colossus  
  61  13:35  Colossus  
  67  13:49  Colossus  
  67  13:56  Stalker x3  
  67  13:57  Stalker  
  81  14:12  Stalker x2  
  85  14:30  Colossus  
  91  14:40  Stalker x2  
Show
View Real Time Build Order
Export as new Build Order

Loken Zerg 

Build Orders: Pool First 

Get SALT Encoding   

  12  0:01  Drone  
  13  0:11  Drone  
  14  0:21  Overlord  
  14  0:41  Drone x3  
  17  0:47  Spawning Pool  
  16  0:56  Drone  
  17  1:14  Overlord  
  17  1:26  Hatchery, Drone  
  17  1:30  Drone  
  18  1:40  Extractor  
  18  1:44  Roach Warren  
  18  1:45  Drone  
  17  1:49  Zergling x2  
  18  1:59  Queen  
  20  2:13  Drone  
  20  2:14  Zergling x2  
  22  2:28  Drone  
  23  2:32  Roach  
  25  2:41  Drone  
  26  2:49  Drone  
  27  2:52  Roach  
  30  2:58  Ravager  
  30  3:03  Drone  
  31  3:10  Extractor  
  30  3:22  Drone  
  30  3:23  Drone x5  
  36  3:34  Overlord  
  36  3:40  Overlord x2  
  36  3:45  Queen  
  36  3:55  Spine Crawler  
  35  3:58  Spine Crawler  
  35  3:59  Spine Crawler  
  35  4:00  Drone  
  35  4:01  Drone x5  
  39  4:15  Queen  
  41  4:20  Drone  
  41  4:21  Drone x2  
  44  4:40  Zergling x4  
  44  4:41  Zergling x8  
  44  4:42  Metabolic Boost  
  50  4:52  Lair  
  50  5:10  Roach x5  
  50  5:12  Overlord x2  
  60  5:45  Zergling x16  
  60  5:46  Zergling x4  
  70  5:52  Glial Reconstitution  
  70  6:17  Overlord x2  
  70  6:18  Overlord  
  70  6:19  Drone x5  
  58  6:55  Roach  
  58  6:56  Roach x8  
  60  7:18  Hatchery  
  60  7:21  Hatchery  
  58  7:34  Hydralisk Den, Zergling x2  
  58  7:35  Zergling x10  
  63  7:52  Extractor  
  63  7:54  Extractor  
  61  8:10  Hatchery  
  61  8:27  Zergling x12  
  66  8:40  Zergling x6  
  66  8:41  Zergling x2  
  70  9:00  Evolution Chamber  
  70  9:02  Evolution Chamber  
  68  9:05  Spore Crawler  
  67  9:12  Zergling x24  
  67  9:13  Zergling x10  
  84  9:17  Overlord x4  
  84  9:26  Drone x4  
  84  9:27  Drone x3  
  91  9:33  Zerg Melee Weapons Level 1, Zerg Missile Weapons Level 1  
  91  9:37  Muscular Augments  
  91  10:05  Overseer x3  
  91  10:13  Hydralisk  
  91  10:14  Hydralisk x9  
  93  10:16  Hydralisk  
  113  10:29  Tunneling Claws  
  113  10:32  Burrow  
  113  10:36  Drone x4  
  113  10:37  Drone  
  118  11:12  Hatchery  
  118  11:14  Extractor  
  118  11:15  Drone x5, Extractor  
  118  11:16  Drone x3  
  118  11:17  Drone x4  
  106  12:01  Zergling x14  
  80  12:02  Zergling x18  
  93  12:11  Lurker Den  
  93  12:13  Zerg Melee Weapons Level 2, Zerg Missile Weapons Level 2  
  50  12:55  Infestation Pit  
  41  13:01  Hydralisk  
  41  13:02  Hydralisk x11  
  41  13:05  Hydralisk  
  58  13:19  Drone  
  61  13:20  Drone x2  
  17  15:26  Hatchery  
Tags
 
Add a new tag
Caveats
  • Supply blocks, unpowered buildings, or Contaminate may cause inaccurate times.
  • Supply counts are checked every 10 seconds.